 Dungeon Crawl Stone Soup version 0.30-a0-986-g7f2e898f52 (webtiles) character file.

Game seed: 15903863798970307717

27887 Aneyh the Warrior (level 13, -4/85 HPs)
             Began as a Tengu Monk on Mar 29, 2023.
             Was a High Priest of Hepliaklqana.
             Killed by an exploding themself (9 damage)
             ... ignited by their inner flame
             ... on level 14 of the Dungeon on Apr 1, 2023.
             The game lasted 00:46:01 (12952 turns).

Aneyh the Warrior (Tengu Monk)                     Turns: 12952, Time: 00:46:02

Health: -4/85      AC:  7    Str: 17    XL:     13   Next: 35%
Magic:  11/14      EV: 23    Int: 15    God:    Hepliaklqana [*****.]
Gold:   1108       SH:  0    Dex: 20    Spells: 4/12 levels left

rFire   . . .      SeeInvis .    a - +5 Force Lance {heavy, knockback}
rCold   . . .      Faith    .    (no shield)
rNeg    . . .      Spirit   .    J - +0 troll leather armour
rPois   .          Reflect  .    S - +1 hat {Will+}
rElec   .          Rampage  .    g - +0 cloak
rCorr   .          Archmagi +    R - +0 pair of gloves
Will    +....      Clarity  +    (boots unavailable)
Stlth   ++                       q - amulet of regeneration
HPRegen 1.94/turn                M - +6 ring of strength
MPRegen 0.14/turn                T - ring of the Mage {Wiz Archmagi}

@: flying quickly and evasively, quick
A: reduced essence, beak, talons 3, nimble flight, agile 1, clarity, clever 1,
weak 1
a: Renounce Religion, Recall Ancestor, Ancestor Identity, Transference, Idealise


You were on level 14 of the Dungeon.
You worshipped Hepliaklqana.
Hepliaklqana was extremely pleased with you.
You visited 1 branch of the dungeon, and saw 14 of its levels.
You also visited: Ossuary.

You collected 1108 gold pieces.

Inventory:

Hand Weapons
 a - the +5 Force Lance (weapon) {heavy, knockback}
   (You found it on level 7 of the Dungeon)
 b - a +0 longbow
 t - a +1 shortbow
 F - a +0 great sword
 N - a +1 scimitar of flaming
 Q - the +12 dagger "Mewk" {freeze, rF+ Will+ Str-2 Stlth+}
   (You found it on level 3 of the Dungeon)

   Str:       It affects your strength (-2).
   rF:        It protects you from fire.
   Will:      It increases your willpower.
   Stlth:     It makes you more stealthy.
 W - a +4 flail of holy wrath
Armour
 g - a +0 cloak (worn)
 v - a +2 hat
 A - a +1 leather armour of poison resistance
 J - a +0 troll leather armour (worn)
 R - a +0 pair of gloves (worn)
 S - a +1 hat of willpower (worn)
Magical Staves
 l - a staff of cold
Jewellery
 f - a ring of resist corrosion
 j - a ring of ice
 m - a ring of fire
 q - an amulet of regeneration (around neck)
 u - a ring of see invisible
 B - a ring of positive energy
 E - a +6 ring of dexterity
 H - a ring of magical power
 L - a +6 ring of dexterity
 M - a +6 ring of strength (left hand)
 T - the ring of the Mage (right hand) {Wiz Archmagi}
   (You found it on level 8 of the Dungeon)

   [ring of wizardry]

   It improves your spell success rate.
   Archmagi:  It increases the power of your magical spells.
 U - an amulet of magic regeneration
 V - a ring of willpower
 X - a ring of resist corrosion
Wands
 x - a wand of polymorph (7)
 K - a wand of flame (18)
 P - a wand of roots (3)
 Z - a wand of light (5)
Scrolls
 d - 4 scrolls of poison {unknown}
 e - 6 scrolls of brand weapon {unknown}
 h - 7 scrolls of teleportation
 i - a scroll of fear {unknown}
 p - a scroll of enchant armour {unknown}
 r - 3 scrolls of magic mapping
 s - 7 scrolls of identify
 w - a scroll of amnesia
 y - a scroll of butterflies
 G - a scroll of blinking
 I - a scroll of enchant weapon
 O - 4 scrolls of torment {unknown}
Potions
 c - 2 potions of ambrosia
 k - 11 potions of curing
 n - a potion of invisibility {unknown}
 o - 3 potions of haste
 z - 2 potions of heal wounds
 C - 2 potions of brilliance
 D - 3 potions of lignification


   Skills:
 + Level 16.9 Fighting
 - Level 5.0(8.9) Axes
 - Level 11.5(12.0) Polearms
 * Level 10.8 Dodging
 - Level 2.0 Stealth
 - Level 3.0 Summonings


You had 4 spell levels left.
You knew the following spells:

 Your Spells              Type           Power      Damage    Failure   Level
a - Call Canine Familiar  Summ           13%        N/A       12%         3
b - Summon Guardian Gole  Hex/Summ       6%         N/A       21%         3
c - Passwall              Tmut/Erth      0%         N/A       21%         2

Your spell library contained the following spells:

 Spells                   Type           Power      Damage    Failure   Level
 Summon Small Mammal      Summ           52%        N/A       4%          1
 Beastly Appendage        Tmut           0%         N/A       13%         1
 Sting                    Tmut/Pois      0%         1d3       13%         1
 Cigotuvi's Dreadful Rot  Necr/Pois/Air  0%         N/A       21%         2
 Ensorcelled Hibernation  Hex/Ice        0%         N/A       21%         2
 Poisonous Vapours        Pois/Air       0%         N/A       21%         2
 Wereblood                Tmut           0%         N/A       21%         2
 Ignite Poison            Fire/Tmut/Pois 0%         N/A       36%         3
 Mephitic Cloud           Conj/Pois/Air  0%         N/A       36%         3
 Spider Form              Tmut/Pois      0%         N/A       36%         3
 Swiftness                Air            0%         N/A       36%         3
 Tukima's Dance           Hex            0%         N/A       36%         3
 Leda's Liquefaction      Hex/Erth       0%         N/A       75%         4
 Sticky Flame             Conj/Fire      0%         2d3       75%         4
 Iskenderun's Battlesphe  Conj           0%         2d6       97%         5
 Metabolic Englaciation   Hex/Ice        0%         N/A       97%         5
 Iron Shot                Conj/Erth      0%         9d1       100%        6
 Spellforged Servitor     Conj/Summ      3%         N/A       100%        7
 Ignition                 Fire           0%         3d3       100%        8


Dungeon Overview and Level Annotations

Branches:
Dungeon (14/15)              Lair (0/5) D:8             Orc (0/2) D:9
Ossuary (visited)
 Temple: D:4-7       Vaults: D:13-14

Altars:
Fedhas
Gozag
Hepliaklqana
Makhleb
Okawaru
Ru
Trog
Zin
The Shining One

Shops:
D:14 (

Annotations:
D:2 Terence
D:9 2 transporters, math4jedi's ghost, novice MiBe
D:12 exclusions: oklob plant and oklob sapling


Innate Abilities, Weirdness & Mutations

Your life essence is reduced to manifest your ancestor. (-10% HP)
You have a beak for a mouth.
You have claws for feet.
Your magical nature lets you fly swiftly and evasively.
You are agile. (Dex +4, Str/Int -1)
You possess an exceptional clarity of mind.
Your mind is acute. (Int +4, Str/Dex -1)
You are weak. (Str -2)


Message History

The meliai hits Mettia with a +0 hand axe!
The meliai barely misses Mettia.
Mettia closely misses the meliai.
The meliai hits Mettia with a +0 hand axe!
The meliai stings Mettia but does no damage.
The meliai invokes the aid of its god against you.
Something smites you!
The meliai calls down the wrath of its god upon you.
Something smites you!
Mettia hits the meliai with a +0 quarterstaff!
A green ugly thing comes into view.
You hear an angry buzzing noise.
You fail to use your ability.
You hear an angry buzzing noise.
The meliai hits Mettia with a +0 hand axe!
The meliai barely misses Mettia.
The meliai mumbles some strange prayers to its god against you.
Something smites you!
* * * LOW HITPOINT WARNING * * *
The meliai hits Mettia with a +0 hand axe.
The meliai stings Mettia!
Mettia hits the meliai with a +0 quarterstaff!
Press: ? - help, v - describe, . - travel
Here: a meliai, wielding a +0 hand axe and wearing a +0 leather armour (severely wounded, not watching you, ally target)
The floor, spattered with blood.
The meliai hits Mettia with a +0 hand axe!
The meliai stings Mettia!
Your guardian golem overheats!
A deep troll comes into view.
The meliai mumbles some strange prayers to its god against you.
Something smites you!
* * * LOW HITPOINT WARNING * * *
The meliai hits Mettia with a +0 hand axe.
Flame seeps out of your guardian golem.
The meliai stings Mettia!
Your guardian golem disappears in a puff of smoke!
Your guardian golem explodes!
The fiery explosion engulfs Mettia!
Mettia resists.
Mettia is destroyed!
The fiery explosion engulfs you!
You die...

(.....### #........#
........# #...<.[..#
......#.####<.......#
......#...##........#
......###.##........#
......# #..'...)....#
......# ####>.......#
####.## #####'####
#.# #####@# ..
#yy§○.# .....Tu'#####
.#..... ..... #...
... ..


You could see a green ugly thing, a deep troll and 2 meliai.

Vanquished Creatures
  4 centaur warriors
  A boulder beetle (D:12)
  A two-headed ogre (D:14)
  2 death yaks (D:8)
  2 skeletal warriors (D:13)
  The ghost of SirDiesAlot the Frost Mage, a novice MfIE of Gozag (D:7)
  Pikel (D:6)
  A harpy (shapeshifter) (D:14)
  2 deep elf pyromancers
  Joseph (D:7)
  An efreet (D:13)
  A komodo dragon (D:11)
  3 trolls
  A hornet (D:12)
  8 slime creatures
  3 water elementals (D:13)
  5 wraiths
  A wyvern (D:7)
  A yak (D:12)
  2 steam dragons (D:7)
  8 vampire mosquitoes
  An acid dragon (D:11)
  A water moccasin (D:12)
  5 black bears
  An orc warrior (D:5)
  A sky beast (D:8)
  7 centaurs
  2 ogres (D:5)
  A phantom (D:5)
  4 lemures (D:6)
  6 kobold brigands
  An elf zombie (Ossuary)
  4 bullfrogs
  2 scorpions
  3 killer bees (D:9)
  2 electric eels (D:13)
  7 howler monkeys
  2 centaur zombies (Ossuary)
  A hound (D:5)
  A gnoll bouda (D:8)
  6 orc priests
  2 sleepcaps
  A hell rat (D:8)
  5 iguanas
  3 orc wizards
  2 mummies
  8 adders
  5 gnolls
  A white imp (D:8)
  6 ufetubi
  3 dart slugs
  28 orcs
  10 ball pythons
  4 endoplasms
  A giant cockroach (D:1)
  5 goblins
  7 hobgoblins
  4 jackals (D:12)
  9 quokkas
  4 bats
  3 frilled lizards
  A goblin zombie (Ossuary)
  10 hobgoblin zombies (Ossuary)
  10 kobolds
  5 kobold zombies (Ossuary)
  6 orc zombies
  6 rats
257 creatures vanquished.

Vanquished Creatures (collateral kills)
  Gastronok (D:8)
  A hydra (D:13)
  A death yak (D:7)
  Sonja (D:12)
  A skeletal warrior (D:14)
  A deep elf pyromancer (D:8)
  2 manticores
  2 cyclopes
  An unseen horror (D:10)
  A troll (D:9)
  2 hornets
  2 slime creatures (D:14)
  A shadow (D:8)
  3 yaks (D:12)
  A water elemental (D:13)
  A vampire mosquito (D:10)
  A water moccasin (D:12)
  An ice beast (D:6)
  An orc warrior (D:10)
  3 centaurs
  6 kobold brigands
  A killer bee (D:8)
  An electric eel (D:13)
  3 howler monkeys
  2 centaur zombies (Ossuary)
  A human zombie (Ossuary)
  A jelly (D:6)
  An orc priest (D:10)
  A gnoll bouda (D:7)
  2 orc wizards
  A mummy (Ossuary)
  A gnoll (D:7)
  4 adders
  A river rat (D:8)
  A shadow imp (D:6)
  5 orcs
  A goblin (D:9)
  7 kobolds
  3 ball pythons (D:12)
  3 hobgoblin zombies (Ossuary)
  A jackal zombie (Ossuary)
  A kobold zombie (Ossuary)
  5 orc zombies
  A rat (D:8)
  A rat zombie (Ossuary)
83 creatures vanquished.

Vanquished Creatures (others)
  A centaur warrior (D:13)
  3 vampire mosquitoes (D:10)
  16 battlemagi
  A gnoll (D:7)
  An orc (D:7)
  11 plants (D:12)
33 creatures vanquished.

Grand Total: 373 creatures vanquished

Notes
Turn   | Place    | Note
-------+----------+-------------------------------------------
     0 | D:1      | Aneyh the Tengu Monk began the quest for the Orb.
     0 | D:1      | Reached XP level 1. HP: 14/14 MP: 2/2
   137 | D:1      | Reached XP level 2. HP: 19/19 MP: 3/3
   666 | D:2      | Reached skill level 4 in Fighting
   666 | D:2      | Reached XP level 3. HP: 23/24 MP: 4/4
  1037 | D:2      | Found a faded altar of an unknown god.
  1039 | D:2      | Noticed Terence
  1087 | D:2      | Reached XP level 4. HP: 18/30 MP: 5/5
  1150 | D:3      | Noticed a scorpion
  1351 | D:3      | Identified the +12 dagger "Mewk" {freeze, rF+ Will+ Str-2
                  | Stlth+}
  1423 | D:3      | Killed a scorpion
  1424 | D:3      | Reached skill level 5 in Fighting
  1424 | D:3      | Gained mutation: Your magical nature lets you fly swiftly
                  | and evasively. [Tengu growth]
  1424 | D:3      | Reached XP level 5. HP: 33/35 MP: 6/6
  1424 | D:3      | Upgraded the game from 0.30-a0-953-g5f1da4a474 to
                  | 0.30-a0-986-g7f2e898f52
  1492 | D:3      | Found a burning altar of Makhleb.
  1715 | D:3      | You are sucked into a shaft and drop 3 floors!
  1722 | D:5      | Entered Level 5 of the Dungeon
  2080 | D:4      | Reached skill level 5 in Axes
  2225 | D:4      | Reached XP level 6. HP: 22/40 MP: 7/7
  2888 | D:5      | Reached skill level 6 in Fighting
  3297 | D:5      | Found a blossoming altar of Fedhas.
  3297 | D:5      | Found a glowing silver altar of Zin.
  3300 | D:5      | Found a sacrificial altar of Ru.
  3300 | D:5      | Found a glowing golden altar of the Shining One.
  3349 | D:5      | Noticed a black bear
  3349 | D:5      | Noticed a black bear
  3357 | D:5      | Reached skill level 7 in Fighting
  3357 | D:5      | Reached XP level 7. HP: 48/48 MP: 8/8
  3371 | D:5      | Reached skill level 8 in Fighting
  3660 | D:5      | Reached XP level 8. HP: 25/55 MP: 9/9
  3664 | D:5      | Reached skill level 9 in Fighting
  4177 | D:6      | Noticed Pikel
  4191 | D:6      | Reached skill level 10 in Fighting
  4207 | D:6      | Killed Pikel
  4208 | D:6      | Reached XP level 9. HP: 30/63 MP: 10/10
  4462 | D:6      | Reached skill level 11 in Fighting
  4503 | D:6      | Reached skill level 5 in Dodging
  4531 | D:6      | Found a hazy altar of Hepliaklqana.
  4535 | D:6      | Became a worshipper of Hepliaklqana the Forgotten
  4535 | D:6      | Reached * piety under Hepliaklqana
  4535 | D:6      | Reached ** piety under Hepliaklqana
  4536 | D:6      | Remembered your ancestor Mettia as a battlemage
  4597 | D:6      | Found an opulent altar of Gozag.
  5065 | D:7      | Noticed Joseph
  5074 | D:7      | Killed Joseph
  5138 | D:7      | Reached skill level 12 in Fighting
  5144 | D:7      | Found a sand-covered staircase.
  5149 | Ossuary  | Entered an ossuary
  5523 | D:7      | Reached XP level 10. HP: 64/64 MP: 11/11
  5527 | D:7      | Learned a level 3 spell: Call Canine Familiar
  5638 | D:7      | Found a runed translucent gate.
  5638 | D:7      | Found a runed translucent gate.
  5638 | D:7      | Found a runed translucent gate.
  5639 | D:7      | Noticed SirDiesAlot's ghost (novice MfIE)
  5758 | D:6      | Reached skill level 13 in Fighting
  5976 | D:7      | Found the +5 Force Lance {heavy, knockback}
  6116 | D:7      | Killed SirDiesAlot's ghost
  6171 | D:8      | Noticed a death yak
  6174 | D:8      | Noticed a death yak
  6177 | D:8      | Noticed a death yak
  6296 | D:7      | Killed a death yak
  6425 | D:8      | Killed a death yak
  6430 | D:8      | Killed a death yak
  6431 | D:8      | Reached skill level 14 in Fighting
  6438 | D:8      | Reached XP level 11. HP: 64/72 MP: 12/12
  6455 | D:8      | Found a staircase to the Lair.
  6463 | D:8      | Reached skill level 5 in Polearms
  6548 | D:8      | Identified the +5 scale mail of the Nine Prophets {rN+
                  | rCorr}
  6553 | D:8      | Noticed a centaur warrior
  6645 | D:8      | Noticed Gastronok
  6799 | D:8      | Killed Gastronok
  6913 | D:8      | Noticed a centaur warrior
  6917 | D:8      | Found the ring of the Mage {Wiz Archmagi}
  6921 | D:8      | Killed a centaur warrior
  6922 | D:8      | Reached skill level 1 in Summonings
  6966 | D:8      | Learned a level 3 spell: Summon Guardian Golem
  6975 | D:8      | Noticed a deep elf pyromancer
  6978 | D:8      | Killed a deep elf pyromancer
  7119 | D:8      | Killed a centaur warrior
  7478 | D:8      | Learned a level 2 spell: Passwall
  7523 | D:9      | Reached *** piety under Hepliaklqana
  7523 | D:9      | Noticed a moth of wrath
  7524 | D:9      | Noticed a deep troll
  7524 | D:9      | Noticed a two-headed ogre
  7524 | D:9      | Noticed math4jedi's ghost (novice MiBe)
  7530 | D:9      | Found a bloodstained altar of Trog.
  7571 | D:9      | Found a staircase to the Orcish Mines.
  7730 | D:9      | Found an iron altar of Okawaru.
  7785 | D:9      | Found a transporter.
  7793 | D:9      | Found a transporter.
  7933 | D:10     | Entered Level 10 of the Dungeon
  8271 | D:10     | Noticed a centaur warrior
  8278 | D:10     | Killed a centaur warrior
  8279 | D:10     | Reached skill level 10 in Polearms
  8279 | D:10     | Reached XP level 12. HP: 45/77 MP: 13/13
  8795 | D:11     | Reached **** piety under Hepliaklqana
  9643 | D:12     | Noticed Sonja
  9645 | D:12     | Killed Sonja
  9814 | D:12     | Got the Tome of the Fair Folk
  9861 | D:12     | Noticed a centaur warrior
 10093 | D:12     | Reached skill level 15 in Fighting
 10813 | D:12     | Noticed a boulder beetle
 10825 | D:12     | Killed a boulder beetle
 10926 | D:12     | Got Sif Muna's Secrets of Nature
 11020 | D:13     | Noticed a centaur warrior
 11024 | D:13     | Noticed an eight-headed hydra
 11223 | D:13     | Killed an eight-headed hydra
 11365 | D:12     | Gained mutation: You have sharp fingernails. [potion of
                  | mutation]
 11365 | D:12     | Gained mutation: You are weak. (Str -2) [potion of
                  | mutation]
 11365 | D:12     | Gained mutation: Your mind is acute. (Int +4, Str/Dex -1)
                  | [potion of mutation]
 11365 | D:12     | Gained mutation: You have hidden genetic potential. [potion
                  | of mutation]
 11373 | D:12     | Killed a centaur warrior
 11403 | D:12     | Lost mutation: You have sharp fingernails. [potion of
                  | mutation]
 11403 | D:12     | Lost mutation: You have hidden genetic potential. [potion
                  | of mutation]
 11403 | D:12     | Gained mutation: You possess an exceptional clarity of
                  | mind. [potion of mutation]
 11403 | D:12     | Gained mutation: You are agile. (Dex +4, Str/Int -1)
                  | [potion of mutation]
 11581 | D:13     | Killed a centaur warrior
 11764 | D:13     | Reached skill level 16 in Fighting
 11764 | D:13     | Reached skill level 10 in Dodging
 11767 | D:13     | Reached XP level 13. HP: 66/83 MP: 11/14
 11999 | D:13     | Reached ***** piety under Hepliaklqana
 12519 | D:14     | Found Buegoezu's Antique Weapon Shop.
 12952 | D:14     | Killed by an exploding themself... ignited by their inner
                  | flame

Illustrated notes

Levels and vault maps discovered:
D:1:      lemuel_arrival_muddy, layout_basic
D:2:      layout_loops_ring, basic_ecumenical_altar, st_stairs_1,
          minmay_joined_circles, uniq_terence
D:3:      layout_rooms, mainiacjoe_overflow_six_doors_small, st_stairs_12
D:4:      layout_rooms, minmay_temple_entry_from_below_a
D:5:      minmay_chambers_of_threes, layout_loops_ring,
          chequers_temple_overflow_statue_of_worship
D:6:      layout_gridville, mainiacjoe_overflow_alcove_4,
          grunt_gozag_breadcrumbs, serial_demonic, serial_demonic_g,
          serial_demonic_g, serial_demonic_f, serial_demonic_e, uniq_pikel
D:7:      layout_rooms, nicolae_ossuary_entry_giza,
          gammafunk_ghost_nasty_kobolds, uniq_joseph
D:8:      layout_basic, dpeg_lair_monsters, minmay_the_grid_2x2
          [minmay_the_grid_fan, minmay_the_grid_gridbox,
          minmay_the_grid_diamond_grid,
          minmay_the_grid_prize_four_corners_diamond_a], uniq_gastronok
D:9:      layout_cave_pools, kennysheep_okawaru_gauntlet, orc_0_dummy,
          gammafunk_ghost_wrathful_warriors
D:10:     layout_stronghold, kennysheep_path_1
D:11:     layout_roguey, minivault_26
D:12:     layout_irregular_city, introduction_to_nature_2, uniq_sonja
D:13:     layout_basic
D:14:     layout_roguey, david_vaults_2, chequers_serial_rivers_micro_d,
          serial_shops, nicolae_shop_window_shopping

Skill      XL: |  1  2  3  4  5  6  7  8  9 10 11 12 |
---------------+-------------------------------------+-----
Fighting       | 4 5 7 8 10 12 14 16 | 16.9
Axes           | 4 5 |  5.0
Dodging        | 4 6 8 10 | 10.8
Polearms       | 4 10 11 | 11.5
Summonings     | 3 |  3.0
Stealth        | |  2.0

Action                     |  1- 3 |  4- 6 |  7- 9 | 10-12 | 13-15 || total
---------------------------+-------+-------+-------+-------+-------++-------
  Melee: Hand axe          |    51 |       |       |       |       ||    51
         Kick              |    14 |    10 |    55 |    56 |    34 ||   169
         Peck              |     8 |    12 |    42 |    27 |    13 ||   102
         Punch             |     2 |       |     1 |       |     2 ||     5
         War axe           |    29 |    11 |       |       |       ||    40
         Dagger            |       |    63 |   175 |    27 |       ||   265
         Lance             |       |       |       |   272 |    71 ||   343
   Fire: Shortbow          |       |       |     8 |    13 |       ||    21
         Longbow           |       |       |       |     1 |    25 ||    26
  Throw: Dart              |       |    18 |     4 |     8 |       ||    30
   Cast: Summon Guardian G |       |       |       |    23 |     2 ||    25
         Call Canine Famil |       |       |       |     4 |       ||     4
 Invoke: Recall Ancestor   |       |       |     2 |       |       ||     2
         Ancestor Life: Ba |       |       |     1 |       |       ||     1
  Evoke: Wand              |       |       |       |     2 |       ||     2
    Use: Scroll            |       |       |     6 |    10 |       ||    16
         Potion            |       |       |       |     5 |       ||     5
   Stab: Sleeping          |     5 |     6 |     7 |     5 |     1 ||    24
         Distracted        |       |       |     1 |    12 |     1 ||    14
 Armour: Robe              |    18 |     7 |       |       |       ||    25
         Leather armour    |       |       |    27 |    22 |       ||    49
         Troll leather arm |       |       |       |     6 |     2 ||     8
  Dodge: Dodged            |    58 |    35 |   137 |   169 |    48 ||   447

Table legend: (Time is in decaauts)
 A = Elapsed time spent in this place.
 B = Non-inter-level travel time spent in this place.
 C = Inter-level travel time spent in this place.
 D = Time resting spent in this place.
 E = Time spent auto-exploring this place.
 F = Levels seen in this place.
 G = Mean time per level.
                   A        B        C        D        E       F      G
               +--------+--------+--------+--------+--------+-----+--------+
         Total |  12279 |  11769 |    510 |   2988 |   6013 |  15 |  818.6 |
       Dungeon |  12049 |  11539 |    510 |   2988 |   5909 |  14 |  860.6 |
       Ossuary |    230 |    230 |      0 |      0 |    104 |   1 |  230.0 |
               +--------+--------+--------+--------+--------+-----+--------+

Top non-repeatable levels by time:
    D:13: 1374 daAuts
    D:12: 1367 daAuts
     D:5: 1296 daAuts
     D:7: 1151 daAuts
     D:4: 1057 daAuts
    D:11: 966 daAuts
     D:6: 933 daAuts
     D:8: 839 daAuts
    D:10: 772 daAuts
     D:2: 698 daAuts
     D:1: 633 daAuts
     D:9: 408 daAuts
     D:3: 378 daAuts
 Ossuary: 230 daAuts
    D:14: 173 daAuts
